 Dungeon Crawl Stone Soup version 0.17-a0-2171-ga91b4ec (webtiles) character file.

54 septik the Cudgeler (level 3, -5/31 HPs)
             Began as a Minotaur Berserker on Oct 25, 2015.
             Was a Priest of Trog.
             Killed from afar by an orc (28 damage)
             ... with an exploding inner flame
             ... hexed by the player character
             ... on level 3 of the Dungeon.
             The game lasted 00:03:30 (1265 turns).

septik the Cudgeler (Minotaur Berserker)            Turns: 1265, Time: 00:03:30

Health: -5/31      AC:  8    Str: 22    XL:     3   Next: 66%
Magic:  2/2        EV:  8    Int:  4    God:    Trog [***...]
Gold:   70         SH:  0    Dex:  9    Spells: 0 memorised, 2 levels left

rFire  . . .     SeeInvis .     k - +0 whip
rCold  + . .     Clarity  .     j - +0 chain mail
rNeg   . . .     SustAt   +     (no shield)
rPois  .         Gourm    .     (helmet restricted)
rElec  .         Spirit   .     (no cloak)
rCorr  .         Warding  .     (no gloves)
rMut   .         Stasis   .     (no boots)
MR     .....                    l - amulet of faith (curse)
Stlth  ..........               u - ring of sustain attributes
                                i - ring of protection from cold

@: lethally poisoned (-5 -> -22), not resistant to hostile enchantments,
extremely unstealthy
A: retaliatory headbutt, horns 2
a: Berserk, Trog's Hand, Burn Spellbooks, Renounce Religion


You were on level 3 of the Dungeon.
You worshipped Trog.
Trog was most pleased with you.
You were not hungry.

You visited 1 branch of the dungeon, and saw 3 of its levels.

You collected 70 gold pieces.

Inventory:

Hand Weapons
 a - a +0 mace
 k - a +0 whip (weapon)
Armour
 b - a +0 animal skin
 j - a +0 chain mail (worn)
Jewellery
 i - a ring of protection from cold (left hand)
 l - a cursed amulet of faith (around neck)
 u - a ring of sustain attributes (right hand)
Scrolls
 m - a scroll of blinking {unknown}
 n - a scroll of enchant weapon {unknown}
 q - a scroll of immolation
 s - a scroll of identify {unknown}
Potions
 e - a potion of lignification {unknown}
 g - a potion of resistance {unknown}
 h - a potion of haste {unknown}
 p - a potion of curing {unknown}
 r - a potion of ambrosia {unknown}
Comestibles
 c - 3 bread rations
 f - 4 meat rations
 o - 7 chunks of flesh
 t - a beef jerky


   Skills:
 - Level 3.6 Fighting
 + Level 5.6 Maces & Flails
 - Level 2.4 Armour
 - Level 2.1 Dodging


You had 2 spell levels left.
You didn't know any spells.

Dungeon Overview and Level Annotations

Branches:
Dungeon (3/15)

Altars:
Ashenzari


Innate Abilities, Weirdness & Mutations

You reflexively headbutt those who attack you in melee.
You have a pair of horns on your head.


Message History

As you read the scroll labeled UFYWUEKOEP, it crumbles to dust.
The creatures around you are filled with an inner flame!
It was a scroll of immolation.
* * * LOW HITPOINT WARNING * * *
You feel sick.
Unknown command.
* * * LOW HITPOINT WARNING * * *
You feel sick.
Drink which item? (? for menu, Esc to quit)
It was a potion of heal wounds.
You feel much better.
You feel sick.
You barely miss the orc. Your headbutt misses the orc.
You feel sick. The orc hits you with a club.
You feel sick.
You hit the orc but do no damage.
You feel sick. The orc misses you.
Your chain mail prevents you from hitting the orc.
You headbutt the orc.
The orc explodes!
The fiery explosion engulfs you!
Ouch! That really hurt!
You die...

#. #.# . #.# ..
#.# .... #.#
.....
#.###.....
######.........
#....§.§.#
#...)@§§.#
#....§§§.#
###.$..(...#
.......(.!.#
##.....(...#
#....)(.(.###
#......((...#
##########.###
#.).#


There were no monsters in sight!

Vanquished Creatures
  An ooze (D:1)
  A worm (D:2)
  4 bats
  A giant cockroach (D:1)
  9 hobgoblins
  6 kobolds
  A giant gecko (D:1)
  5 giant newts
  9 goblins
  11 rats
48 creatures vanquished.

Notes
Turn   | Place    | Note
--------------------------------------------------------------
     0 | D:1      | septik the Minotaur Berserker began the quest for the Orb.
     0 | D:1      | Reached XP level 1. HP: 19/19 MP: 0/0
   196 | D:1      | Reached skill level 4 in Maces & Flails
   226 | D:1      | Reached XP level 2. HP: 24/26 MP: 1/1
   390 | D:1      | Reached skill level 5 in Maces & Flails
   489 | D:1      | Reached ** piety under Trog
   718 | D:1      | Reached XP level 3. HP: 31/31 MP: 2/2
   833 | D:2      | Found a faded altar to an unknown god.
   909 | D:2      | Found a shattered altar of Ashenzari.
  1159 | D:2      | Found a shattered altar of Ashenzari.
  1249 | D:3      | Reached *** piety under Trog
  1265 | D:3      | Killed from afar by an orc

Vault maps used:
D:1:      dpeg_cavernosity
D:2:      ashenzari_conservatory_becter, first_bread, ecumenical_altar_2,
          nicolae_ashenzari_panopticon
D:3:      uniq_robin

Action                   || total
-------------------------++-------
Melee: Mace              ||    32
       Whip              ||    77
  Use: Scroll            ||     1
       Potion            ||     1
  Eat: Chunk             ||     1
